 Dungeon Crawl Stone Soup version 0.27.1-4-g1640c2035a (webtiles) character file.

Game seed: 8209060236542002009

10220 raph the Geomancer (level 11, -21/64 HPs)
             Began as a Gargoyle Earth Elementalist on Oct 31, 2021.
             Was a Priest of Makhleb.
             Demolished by a komodo dragon (27 damage)
             ... on level 1 of the Lair of Beasts.
             The game lasted 00:27:15 (14777 turns).

raph the Geomancer (Gargoyle Earth Elementalist)   Turns: 14777, Time: 00:27:16

Health: -21/64     AC: 14    Str: 11    XL:     11   Next: 58%
Magic:  13/20      EV: 13    Int: 20    God:    Makhleb [***...]
Gold:   117        SH:  0    Dex: 10    Spells: 8/23 levels left

rFire    + + .     SeeInvis .   y - +6 short sword of Expedience {pain, rF+ Will+}
rCold    + . .     Faith    .   (no shield)
rNeg     + . .     Spirit   .   b - +0 robe
rPois    ∞         Reflect  .   h - +1 hat
rElec    +         Harm     .   i - +1 cloak
rCorr    .         Rampage  .   r - +0 pair of gloves
Will     +....                  (no boots)
Stlth    ++++......             g - amulet of the acrobat
HPRegen  0.20/turn              p - ring of protection from fire
MPRegen  0.17/turn              a - ring of protection from cold

@: studying Long Blades
A: sickness immunity, AC +8, negative energy resistance 1, electricity
resistance, torment resistance 1, petrification resistance
a: Renounce Religion, Minor Destruction, Lesser Servant of Makhleb


You were on level 1 of the Lair of Beasts.
You worshipped Makhleb.
Makhleb was most pleased with you.
You visited 2 branches of the dungeon, and saw 11 of its levels.
You also visited: Ossuary.

You collected 598 gold pieces.
You spent 481 gold pieces at shops.

Inventory:

Hand Weapons
 d - a +0 short sword of speed
 k - a +0 whip of flaming
 o - a +0 hand crossbow
 x - a +0 morningstar
 y - the +6 short sword of Expedience (weapon) {pain, rF+ Will+}
   (You found it on level 6 of the Dungeon)

   In the hands of one skilled in necromantic magic, it inflicts extra damage on
   living creatures.
   rF:        It protects you from fire.
   Will:      It increases your willpower.
Missiles
 c - 40 stones
 n - a throwing net
Armour
 b - a +0 robe (worn)
 h - a +1 hat (worn)
 i - a +1 cloak (worn)
 r - a +0 pair of gloves (worn)
 F - +0 shadow dragon scales
Magical Staves
 m - a staff of death
Jewellery
 a - a ring of protection from cold (right hand)
 g - an amulet of the acrobat (around neck)
 p - a ring of protection from fire (left hand)
Wands
 t - a wand of charming (6)
 u - a wand of iceblast (28)
 D - a wand of flame (17)
 H - a wand of acid (9)
 I - a wand of digging (3)
Scrolls
 e - 3 scrolls of teleportation
 C - 2 scrolls of amnesia
Potions
 f - a potion of resistance
 j - a potion of ambrosia
 l - 2 potions of lignification
 q - 2 potions of heal wounds
 s - 5 potions of brilliance
 v - 4 potions of curing
 w - 4 potions of flight
 z - 2 potions of might
 A - 4 potions of cancellation
 B - 2 potions of haste
 E - a potion of attraction
 G - a potion of magic {unknown}


   Skills:
 + Level 5.8 Fighting
 * Level 2.5 Short Blades
 + Level 5.8 Dodging
 + Level 8.2 Stealth
 + Level 6.5 Spellcasting
 + Level 2.8 Conjurations
 * Level 4.7 Necromancy
 - Level 0.7 Transmutations
 + Level 10.9 Earth Magic
 * Level 5.8 Invocations


You had 8 spell levels left.
You knew the following spells:

 Your Spells              Type           Power      Damage    Failure   Level
a - Sandblast             Erth           100%       2d20      1%          1
b - Passwall              Tmut/Erth      25%        N/A       1%          2
c - Stone Arrow           Conj/Erth      68%        3d11      1%          3
d - Animate Skeleton      Necr           50%        N/A       1%          1
e - Petrify               Tmut/Erth      30%        N/A       9%          4
f - Leda's Liquefaction   Hex/Erth       14%        N/A       11%         4

Your spell library contained the following spells:

 Spells                   Type           Power      Damage    Failure   Level
 Foxfire                  Conj/Fire      48%        2x1d6     5%          1
 Beastly Appendage        Tmut           18%        N/A       7%          1
 Apportation              Tloc           12%        N/A       10%         1
 Corona                   Hex            6%         N/A       10%         1
 Summon Small Mammal      Summ           24%        N/A       10%         1
 Wereblood                Tmut           9%         N/A       11%         2
 Animate Armour           Summ/Erth      56%        N/A       11%         4
 Conjure Flame            Conj/Fire      12%        6-21      17%         3
 Spider Form              Tmut/Pois      4%         N/A       26%         3
 Call Canine Familiar     Summ           6%         N/A       30%         3
 Inner Flame              Hex/Fire       6%         N/A       30%         3
 Portal Projectile        Hex/Tloc       12%        N/A       30%         3
 Summon Lightning Spire   Summ/Air       6%         N/A       69%         4
 Storm Form               Tmut/Air       4%         N/A       100%        7
 Lehudib's Crystal Spear  Conj/Erth      17%        10d5      100%        8
 Maxwell's Capacitive Co  Air            3%         ∞         100%        8


Dungeon Overview and Level Annotations

Branches:
Dungeon (10/15)            Temple (0/1) D:7            Lair (1/6) D:10
    Orc (0/2) D:9         Ossuary (visited)

Altars:
Ashenzari
Kikubaaqudgha
Makhleb
Ru
Trog
Uskayaw
Wu Jian
Zin
The Shining One

Shops:
D:4 :   D:8 !   D:9 =?*?

Annotations:
D:2 Sigmund
D:10 2 runed translucent doors


Innate Abilities, Weirdness & Mutations

You are immune to sickness and miasma.
Your stone body is resilient. (AC +8)
You are immune to poison.
You resist negative energy. (rN+)
You are resistant to electric shocks. (rElec)
You are resistant to unholy torment.
You are immune to petrification.


Message History

You barely miss the komodo dragon.
The komodo dragon is heavily wounded.
The komodo dragon bites you but does no damage.
You hit the komodo dragon but do no damage.
The komodo dragon is heavily wounded.
The komodo dragon bites you!
You are too injured to fight recklessly!
You are too injured to fight recklessly!
You are too injured to fight recklessly!
You are too injured to fight recklessly!
The water moccasin completely misses you.
The water moccasin bites you but does no damage.
You see here a cane toad corpse.
Aiming: Sandblast (safe; 1% risk of failure)
Press: ? - help, Q - select action, (/) - cycle Shift-Dir - straight line, f - water moccasin
Aim: a water moccasin (73% to hit)
The blast of sand hits the water moccasin!!
The water moccasin is severely wounded.
The water moccasin bites you but does no damage.
The water moccasin bites you.
Aiming: Sandblast (safe; 1% risk of failure)
Press: ? - help, Q - select action, (/) - cycle Shift-Dir - straight line, f/p - water moccasin
Aim: a water moccasin (severely wounded, 73% to hit)
The blast of sand hits the water moccasin!
You kill the water moccasin!
Makhleb accepts your kill.
Aiming: Sandblast (safe; 1% risk of failure)
Press: ? - help, Q - select action, (/) - cycle Shift-Dir - straight line, f - komodo dragon
Aim: a komodo dragon (heavily wounded, 88% to hit)
The blast of sand hits the komodo dragon!
The komodo dragon is severely wounded.
The komodo dragon bites you!
* * * LOW HITPOINT WARNING * * *
Aiming: Sandblast (safe; 1% risk of failure)
Press: ? - help, Q - select action, (/) - cycle Shift-Dir - straight line, f/p - komodo dragon
Aim: a komodo dragon (severely wounded, 88% to hit)
The blast of sand hits the komodo dragon but does no damage.
The komodo dragon is severely wounded.
The komodo dragon bites you!!
You die...

#>.⌠ ...>..# #..) #.....#
#..## .....# #.... ..⌠..# .
#...##....#...
#...........# #......$..#
##l......## ####
###@##....##
########.)###P.###.⌠..#
#....#...........#.#.#.)
#................#.......
##................#.......
.##........................
....<..................
#...............P.......
........................


You could see a komodo dragon.

Vanquished Creatures
  Erolcha (D:10)
  A black mamba (Lair:1)
  A cane toad (Lair:1)
  2 gargoyles
  A komodo dragon (D:10)
  2 hornets (D:8)
  A meliai zombie (D:6)
  A wraith (D:10)
  16 yaks
  Grum (D:10)
  Eustachio (D:4)
  An acid dragon (D:9)
  2 water moccasins (Lair:1)
  3 orc warriors
  2 ice beasts
  A hornet zombie (D:9)
  A black bear (D:4)
  2 sky beasts
  2 necrophages
  A wolf (D:10)
  An ogre (D:6)
  6 centaurs
  A phantom (D:5)
  Blork the orc (D:6)
  2 kobold brigands
  2 bullfrogs
  An elf zombie (Ossuary)
  A gnoll sergeant (D:10)
  6 killer bees (D:9)
  4 electric eels
  4 howler monkeys
  6 centaur zombies
  4 hounds
  A jelly (D:6)
  A bullfrog skeleton (D:6)
  2 centaur skeletons
  A gnoll shaman (D:5)
  A human zombie (Ossuary)
  9 orc wizards
  Crazy Yiuf (D:2)
  2 iguanas (D:6)
  A hound skeleton (D:4)
  3 mummies (Ossuary)
  A howler monkey zombie (D:8)
  7 gnolls
  6 adders
  2 shadow imps
  2 white imps
  An ufetubus (D:5)
  An adder skeleton (D:5)
  5 adder zombies (Ossuary)
  3 worms (D:2)
  3 dart slugs
  17 orcs
  6 ball pythons
  4 bats
  6 endoplasms
  3 giant cockroaches
  8 goblins
  7 hobgoblins
  4 jackals (D:5)
  16 kobolds
  2 quokkas
  4 frilled lizards
  4 goblin zombies
  3 hobgoblin zombies (Ossuary)
  6 jackal zombies (Ossuary)
  A kobold zombie (Ossuary)
  2 orc zombies (Ossuary)
  8 quokka zombies
  3 rats (D:3)
  7 rat zombies
246 creatures vanquished.

Vanquished Creatures (collateral kills)
  A deep elf pyromancer (D:10)
  A wolf (D:10)
  An orc (D:10)
3 creatures vanquished.

Vanquished Creatures (others)
  3 plants (D:4)
3 creatures vanquished.

Grand Total: 252 creatures vanquished

Notes
Turn   | Place    | Note
-------+----------+-------------------------------------------
     0 | D:1      | raph the Gargoyle Earth Elementalist began the quest for
                  | the Orb.
     0 | D:1      | Reached XP level 1. HP: 10/10 MP: 3/3
   119 | D:1      | Reached XP level 2. HP: 15/15 MP: 1/5
   187 | D:1      | Learned a level 2 spell: Passwall
   210 | D:1      | Found a faded altar of an unknown god.
   336 | D:1      | Reached skill level 4 in Earth Magic
   787 | D:2      | Reached XP level 3. HP: 19/19 MP: 2/6
   791 | D:2      | Learned a level 3 spell: Stone Arrow
  1264 | D:2      | Found a runed translucent door.
  1265 | D:2      | Noticed Crazy Yiuf
  1270 | D:2      | Killed Crazy Yiuf
  1271 | D:2      | Reached XP level 4. HP: 7/24 MP: 4/7
  1824 | D:2      | Noticed Sigmund
  1873 | D:3      | Noticed a sky beast
  1880 | D:3      | Killed a sky beast
  1881 | D:3      | Reached skill level 5 in Earth Magic
  1881 | D:3      | Reached XP level 5. HP: 22/28 MP: 2/9
  2198 | D:3      | Found a bloodstained altar of Trog.
  2818 | D:3      | Found an ancient bone altar of Kikubaaqudgha.
  2908 | D:4      | Reached XP level 6. HP: 32/32 MP: 7/10
  2910 | D:4      | Learned a level 1 spell: Animate Skeleton
  2946 | D:4      | Noticed a black bear
  2951 | D:4      | Killed a black bear
  2952 | D:4      | Reached skill level 6 in Earth Magic
  3045 | D:4      | Found Iqeohoca's Book Boutique.
  3049 | D:4      | Found a burning altar of Makhleb.
  3104 | D:4      | Noticed Eustachio
  3261 | D:4      | Killed Eustachio
  3262 | D:4      | Reached XP level 7. HP: 22/36 MP: 0/12
  3722 | D:4      | Became a worshipper of Makhleb the Destroyer
  3731 | D:5      | Entered Level 5 of the Dungeon
  3731 | D:5      | Found an ornate altar of the Wu Jian Council.
  4067 | D:5      | Reached skill level 7 in Earth Magic
  4240 | D:5      | Found a glowing silver altar of Zin.
  4507 | D:5      | Reached skill level 5 in Stealth
  4507 | D:5      | Reached XP level 8. HP: 41/41 MP: 10/14
  5133 | D:6      | Noticed Blork the orc
  5134 | D:6      | Reached * piety under Makhleb
  5138 | D:6      | Reached skill level 1 in Fighting
  5147 | D:6      | Killed Blork the orc
  5148 | D:6      | Reached skill level 8 in Earth Magic
  5709 | D:6      | Identified the +6 short sword of Expedience {pain, rF+
                  | Will+}
  5720 | D:6      | Found a sand-covered staircase.
  5727 | Ossuary  | Entered an ossuary
  5882 | Ossuary  | Reached ** piety under Makhleb
  5930 | Ossuary  | Reached skill level 9 in Earth Magic
  5930 | Ossuary  | Reached XP level 9. HP: 42/49 MP: 16/16
  6266 | D:6      | Found a glowing golden altar of the Shining One.
  6266 | D:6      | Found a broken altar of Ashenzari.
  6604 | D:7      | Noticed a gargoyle
  6616 | D:7      | Killed a gargoyle
  6617 | D:7      | Reached skill level 5 in Spellcasting
  6617 | D:7      | Reached skill level 1 in Necromancy
  7387 | D:7      | Reached skill level 10 in Earth Magic
  7502 | D:7      | Found a sacrificial altar of Ru.
  7696 | D:7      | Found a staircase to the Ecumenical Temple.
  7881 | D:8      | Noticed a hornet
  7886 | D:8      | Killed a hornet
  7887 | D:8      | Reached skill level 1 in Invocations
  8095 | D:8      | Identified the +8 hunting sling "Killer Klown's Curse"
                  | {vorpal, Str+3 SInv}
  8375 | D:8      | Reached XP level 10. HP: 56/56 MP: 18/18
  8548 | D:7      | Reached *** piety under Makhleb
  8549 | D:7      | Reached skill level 5 in Dodging
  8999 | D:8      | Found Maaqer's Distillery.
  9002 | D:8      | Bought a potion of heal wounds for 55 gold pieces
  9002 | D:8      | Bought a potion of curing for 33 gold pieces
  9002 | D:8      | Bought a potion of haste for 110 gold pieces
  9002 | D:8      | Bought a potion of brilliance for 44 gold pieces
  9125 | D:8      | Learned a level 4 spell: Petrify
  9503 | D:9      | Found a staircase to the Orcish Mines.
  9637 | D:9      | Found Bufepho's Magic Scroll Shop.
  9642 | D:9      | Bought a scroll of identify for 30 gold pieces
  9642 | D:9      | Bought a scroll of identify for 30 gold pieces
  9656 | D:9      | Found Wehedex's Assorted Antiques.
  9664 | D:9      | Bought a scroll labelled ANOPPI SIECWIE for 26 gold pieces
  9664 | D:9      | Bought a coppery potion for 23 gold pieces
  9664 | D:9      | Bought a scratched glass ring for 130 gold pieces
  9825 | D:9      | Found Zyluhaj's Magic Scroll Emporium.
 10628 | D:9      | Identified the +1 scale mail "Ytaifov" {rPois rF+}
 10703 | D:9      | Found Awuytoubb's Jewellery Shop.
 11884 | D:10     | Entered Level 10 of the Dungeon
 11913 | D:10     | Reached skill level 5 in Fighting
 12022 | D:9      | Reached skill level 1 in Conjurations
 12154 | D:9      | Reached XP level 11. HP: 34/64 MP: 16/20
 12333 | D:10     | Reached skill level 1 in Short Blades
 12462 | D:10     | Found a hide-covered altar of Uskayaw.
 12575 | D:10     | Reached skill level 5 in Invocations
 12621 | D:10     | Noticed Grum
 12643 | D:10     | Killed Grum
 13486 | D:10     | Noticed Erolcha
 13493 | D:10     | Killed Erolcha
 13734 | D:10     | Found a staircase to the Lair.
 13937 | D:10     | Found a runed translucent door.
 13947 | D:10     | Found a runed translucent door.
 13947 | D:10     | Noticed a deep elf pyromancer
 14111 | D:10     | Noticed a deep elf pyromancer
 14112 | D:10     | Noticed a deep elf pyromancer
 14113 | D:10     | Noticed a purple ugly thing
 14113 | D:10     | Noticed a cyan ugly thing
 14281 | D:10     | Learned a level 4 spell: Leda's Liquefaction
 14370 | D:10     | Killed a deep elf pyromancer
 14482 | Lair:1   | Entered Level 1 of the Lair of Beasts
 14777 | Lair:1   | Demolished by a komodo dragon

Illustrated notes

Levels and vault maps discovered:
D:1:      giann_bridges, layout_rooms,
          dreamdust_ecumenical_altar_angels_and_demons
D:2:      layout_loops_cross, chequers_serial_rivers_small_b, uniq_natasha,
          uniq_crazy_yiuf_cottage, uniq_sigmund
D:3:      layout_rooms, trog_hazing_becter, lemuel_zombie_altar_kikubaaqudgha
D:4:      layout_rooms, mainiacjoe_overflow_boulevard, serial_shops, shop,
          uniq_eustachio
D:5:      layout_cave_pods, mainiacjoe_overflow_paths,
          nicolae_wu_jian_wuxing_cycle
D:6:      layout_rooms, jmf_multi_god_temple, enter_ossuary_4,
          uniq_blork_the_orc
D:7:      layout_basic, mainiacjoe_overflow_brackets, minmay_temple_entry_fiery
D:8:      lemuel_ice_spiral_2, layout_basic, serial_shops, kennysheep_mini_moat
D:9:      layout_basic, serial_shops, nicolae_shop_crystal, shop, shop,
          nicolae_diamond_shop, kennysheep_dice
D:10:     minmay_the_grid_triangle_9x9_rhombus_thin_mashed
          [minmay_the_grid_triangle_9x9_impossible_snake,
          minmay_the_grid_triangle_9x9_prize_special,
          minmay_the_grid_triangle_9x9_empty,
          minmay_the_grid_triangle_9x9_tough_junction], layout_cave_pods,
          lemuel_tele_altar, trove_entry_hex_spiral, uniq_erolcha, uniq_grum
Lair:1:   minmay_lair_oklob_tunnel, layout_cave_shapes,
          minmay_lair_oklob_chamber, lemuel_fruit_tree, grunt_megastairs_5,
          lemuel_fruit_fields, serial_bayou_shore_a

Skill      XL: |  1  2  3  4  5  6  7  8  9 10 11 |
---------------+----------------------------------+-----
Earth Magic    | 4 5 6 7 9 10 | 10.9
Dodging        | 2 3 4 5 |  5.8
Stealth        | 3 4 5 6 7 8 |  8.2
Spellcasting   | 3 4 5 6 |  6.5
Fighting       | 2 4 5 |  5.8
Necromancy     | 2 4 |  4.7
Invocations    | 1 4 5 |  5.8
Conjurations   | 1 2 |  2.8
Short Blades   | 2 |  2.5
Transmutations | |  0.7

Action                   |  1- 3 |  4- 6 |  7- 9 | 10-12 || total
-------------------------+-------+-------+-------+-------++-------
Melee: Short sword       |    31 |     6 |   200 |   157 ||   394
       Whip              |       |    71 |    99 |       ||   170
 Cast: Sandblast         |    22 |    41 |    79 |    87 ||   229
       Stone Arrow       |       |     3 |    20 |    52 ||    75
       Passwall          |       |       |       |     3 ||     3
       Leda's Liquefacti |       |       |       |     1 ||     1
Invok: Lesser Servant of |       |       |       |     3 ||     3
  Use: Scroll            |       |     2 |    10 |     5 ||    17
 Stab: Sleeping          |     3 |     3 |     8 |     1 ||    15
       Distracted        |       |     1 |       |     1 ||     2
Armor: Robe              |    12 |    51 |   184 |    99 ||   346
Dodge: Dodged            |    12 |   113 |   294 |   160 ||   579
